 Dungeon Crawl Stone Soup version 0.25.1-8-g42b30a86e7 (webtiles) character file.

Game seed: 13098661054469879566

20 Destapler the Covert (level 2, -3/33 HPs)
             Began as a Gnoll Wanderer on Dec 20, 2020.
             Slain by a centaur (4 damage)
             ... on level 2 of the Dungeon.
             The game lasted 00:01:22 (1118 turns).

Destapler the Covert (Gnoll Wanderer)               Turns: 1118, Time: 00:01:22

Health: -3/33      AC:  2    Str: 12    XL:     2   Next: 79%
Magic:  2/2        EV: 13    Int: 14    God:
Gold:   19         SH:  0    Dex: 16    Spells: 2/2 levels left

rFire    . . .     SeeInvis .   a - +2 spear
rCold    . . .     Gourm    .   (no shield)
rNeg     . . .     Faith    .   d - +0 robe
rPois    .         Spirit   .   (no helmet)
rElec    .         Reflect  .   (no cloak)
rCorr    .         Harm     .   (no gloves)
MR       .....                  (no boots)
Stlth    ++++......             (no amulet)
HPRegen  0.11/turn              (no ring)
MPRegen  0.08/turn              (no ring)

@: no status effects
A: distributed training, fangs 1, strong nose
a: no special abilities


You were on level 2 of the Dungeon.
You were hungry.

You visited 1 branch of the dungeon, and saw 2 of its levels.

You collected 19 gold pieces.

Inventory:

Hand Weapons
 a - a +2 spear (weapon)
Armour
 d - a +0 robe (worn)
Scrolls
 c - a scroll of teleportation
 g - a scroll of blinking {unknown}
 i - a scroll of immolation {unknown}
 j - a scroll of remove curse {unknown}
Potions
 b - a potion of curing
 e - a potion of haste {unknown}
Comestibles
 f - 2 rations


   Skills:
 + Level 8.5 Fighting
 + Level 0.5 Short Blades
 + Level 0.5 Long Blades
 + Level 0.5 Axes
 + Level 0.5 Maces & Flails
 + Level 0.5 Polearms
 + Level 0.5 Staves
 + Level 0.5 Slings
 + Level 0.5 Bows
 + Level 0.5 Crossbows
 + Level 0.5 Throwing
 + Level 0.5 Armour
 + Level 2.5 Dodging
 + Level 9.5 Stealth
 + Level 0.5 Shields
 + Level 0.5 Unarmed Combat
 + Level 0.5 Spellcasting
 + Level 0.3 Conjurations
 + Level 0.3 Hexes
 + Level 0.3 Charms
 + Level 0.3 Summonings
 + Level 0.3 Necromancy
 + Level 0.3 Translocations
 + Level 0.3 Transmutations
 + Level 0.3 Fire Magic
 + Level 0.3 Ice Magic
 + Level 0.3 Air Magic
 + Level 0.3 Earth Magic
 + Level 0.3 Poison Magic
 + Level 0.6 Invocations
 + Level 0.5 Evocations


You had 2 spell levels left.
You didn't know any spells.
Your spell library was empty.

Dungeon Overview and Level Annotations

Branches:
Dungeon (2/15)

Altars:


Innate Abilities, Weirdness & Mutations

Your experience applies equally to all skills.
You have very sharp teeth.
Your uncanny sense of smell can sniff out nearby items.


Message History

The centaur is heavily wounded.
The centaur barely misses you. The rat misses you.
You hit the centaur.
The centaur is severely wounded.
The centaur barely misses you. The rat misses you. The centaur hits you.
* * * LOW HITPOINT WARNING * * *
You barely miss the centaur. You bite the centaur, but do no damage.
The centaur is severely wounded.
The centaur closely misses you. The rat bites you.
* * * LOW HITPOINT WARNING * * *
You puncture the centaur!
The centaur is almost dead.
The centaur hits you.
* * * LOW HITPOINT WARNING * * *
The rat bites you but does no damage.
The centaur hits you but does no damage.
You closely miss the centaur.
The centaur is almost dead.
The centaur misses you. The rat misses you. The centaur hits you.
You die...

#.. ####.#
#....#
#...(# ∆
#.<..##
#...).#
#.....#
#...(.######
#...@r.....#
#....c......
#########.#.
.. .


You could see a centaur and a rat.

Vanquished Creatures
  A dart slug (D:1)
  A giant cockroach (D:1)
  3 hobgoblins (D:1)
  2 jackals (D:1)
  3 kobolds
  A ball python (D:1)
  A bat (D:1)
  A frilled lizard (D:1)
  2 goblins (D:1)
  2 rats (D:1)
17 creatures vanquished.

Notes
Turn   | Place    | Note
-------+----------+-------------------------------------------
     0 | D:1      | Reached skill level 9 in Stealth
     0 | D:1      | Destapler the Gnoll Wanderer began the quest for the Orb.
     0 | D:1      | Destapler set off with the following items: a +2 spear, a
                  | potion of curing, a scroll of teleportation, a +0 robe, a
                  | +0 dagger, a ration
     0 | D:1      | Reached XP level 1. HP: 26/26 MP: 1/1
   357 | D:1      | Reached XP level 2. HP: 30/33 MP: 2/2
  1102 | D:2      | Noticed a centaur
  1116 | D:2      | HP: 1/33 [rat (3)]
  1118 | D:2      | Slain by a centaur

Illustrated notes

Levels and vault maps discovered:
D:1:      evilmike_arrival_plus, layout_basic
D:2:      layout_rooms, serial_park_tiny_pond, kennysheep_pointless_box,
          minmay_goblin_outpost

Skill      XL: | |
---------------+-+-----
Stealth        | |  9.5
Fighting       | |  8.5
Short Blades   | |  0.5
Long Blades    | |  0.5
Axes           | |  0.5
Maces & Flails | |  0.5
Polearms       | |  0.5
Staves         | |  0.5
Slings         | |  0.5
Bows           | |  0.5
Crossbows      | |  0.5
Throwing       | |  0.5
Armour         | |  0.5
Dodging        | |  2.5
Shields        | |  0.5
Unarmed Combat | |  0.5
Spellcasting   | |  0.5
Conjurations   | |  0.3
Hexes          | |  0.3
Charms         | |  0.3
Summonings     | |  0.3
Necromancy     | |  0.3
Translocations | |  0.3
Transmutations | |  0.3
Fire Magic     | |  0.3
Ice Magic      | |  0.3
Air Magic      | |  0.3
Earth Magic    | |  0.3
Poison Magic   | |  0.3
Invocations    | |  0.6
Evocations     | |  0.5

Action                   || total
-------------------------++-------
Melee: Spear             ||    48
       Bite              ||     4
 Stab: Sleeping          ||    11
       Distracted        ||     1
Armor: Robe              ||     8
Dodge: Dodged            ||    23
